 Dungeon Crawl Stone Soup version 0.19.0-2-gae57169 (webtiles) character file.

14833 nikopol the Cleaver (level 12, -5/107 HPs)
             Began as a Hill Orc Berserker on Nov 5, 2016.
             Was a High Priest of Trog.
             Slain by a skeletal warrior
             ... wielding a +0 flail
             ... led by a skeletal warrior
              (12 damage)
             ... on level 11 of the Dungeon.
             The game lasted 00:38:46 (14641 turns).

nikopol the Cleaver (Hill Orc Berserker)           Turns: 14641, Time: 00:38:47

Health: -5/107     AC: 16    Str: 22    XL:     12   Next: 20%
Magic:  21/21      EV: 13    Int:  7    God:    Trog [*****.]
Gold:   400        SH:  0    Dex: 13    Spells: 0 memorised, 11 levels left

rFire  + . .     SeeInvis +     a - +1 war axe (elec)
rCold  . . .     Gourm    .     p - +0 scale mail
rNeg   . . .     Faith    .     (no shield)
rPois  +         Spirit   .     (no helmet)
rElec  +         Reflect  .     y - +2 cloak
rCorr  .         Harm     .     A - +2 pair of gloves
MR     +....                    M - +0 pair of boots
Stlth  ..........               (no amulet)
                                s - ring "Ganeutt" {rElec rPois MR+ MP+9 SInv}
                                n - ring of protection from fire

@: exhausted, slowed, very slow
A: no striking features
a: Berserk, Trog's Hand, Brothers in Arms, Burn Spellbooks, Renounce Religion


You were on level 11 of the Dungeon.
You worshipped Trog.
Trog was extremely pleased with you.
You were very hungry.

You visited 2 branches of the dungeon, and saw 12 of its levels.

You collected 1013 gold pieces.
You spent 613 gold pieces at shops.

Inventory:

Hand Weapons
 a - a +1 war axe of electrocution (weapon)
 z - a +0 shortbow
 T - a +3 antimagic executioner's axe
Missiles
 k - 240 arrows (quivered)
Armour
 p - a +0 scale mail (worn)
 y - a +2 cloak (worn)
 A - a +2 pair of gloves (worn)
 M - a +0 pair of boots (worn)
Jewellery
 n - a ring of protection from fire (left hand)
 s - the ring "Ganeutt" (right hand) {rElec rPois MR+ MP+9 SInv}
   (You bought it in a shop on level 4 of the Dungeon)

   [ring of poison resistance]

   It insulates you from electricity.
   It protects you from poison.
   It affects your resistance to hostile enchantments.
   It affects your magic capacity (+9).
   It lets you see invisible.
Scrolls
 e - 8 scrolls of identify {unknown}
 g - 5 scrolls of amnesia {unknown}
 h - 5 scrolls of teleportation {unknown}
 j - 5 scrolls of enchant weapon {unknown}
 r - 2 scrolls of blinking {unknown}
 v - 3 scrolls of random uselessness {unknown}
 w - 2 scrolls of immolation {unknown}
 B - a scroll of enchant armour {unknown}
 C - 2 scrolls of fear {unknown}
 D - 3 scrolls of fog {unknown}
 G - a scroll of holy word {unknown}
 H - a scroll of noise {unknown}
 I - 2 scrolls of magic mapping {unknown}
 J - 3 scrolls of remove curse {unknown}
Potions
 d - 6 potions of brilliance {unknown}
 f - a potion of cancellation {unknown}
 i - 3 potions of agility
 l - 2 potions of flight {unknown}
 m - 2 potions of magic {unknown}
 t - a potion of beneficial mutation {unknown}
 u - 2 potions of might {unknown}
 E - a potion of invisibility {unknown}
 L - a potion of haste {unknown}
 O - a potion of ambrosia {unknown}
 Q - a potion of experience {unknown}
 S - a potion of berserk rage {unknown}
Comestibles
 b - 2 chunks of flesh
 c - 10 bread rations
 o - 9 meat rations
 x - 7 fruits


   Skills:
 + Level 10.5 Fighting
 * Level 13.1 Axes
 * Level 8.5 Bows
 + Level 9.4 Armour
 + Level 6.7 Dodging


You had 11 spell levels left.
You didn't know any spells.

Dungeon Overview and Level Annotations

Branches:
Dungeon (11/15)            Temple (0/1) D:6            Lair (0/6) D:11
    Orc (1/2) D:10

Altars:
Ashenzari
Fedhas
Hepliaklqana
Makhleb
Nemelex Xobeh
Okawaru
Qazlal
Trog
Uskayaw
Vehumet
Xom
Yredelemnul

Shops:
D:4 =   D:7 =*


Message History

You are no longer berserk.
You are exhausted.
You feel yourself slow down.
The skeletal warrior hits you with a flail!
You hit the skeletal warrior but do no damage.
The skeletal warrior is heavily damaged.
The skeletal warrior hits you with a flail!
* * * LOW HITPOINT WARNING * * *
You hit the skeletal warrior.
There is a sudden explosion of sparks!
The skeletal warrior is almost destroyed.
The skeletal warrior hits you but does no damage.
You slash the skeletal warrior!
The skeletal warrior is almost destroyed.
The skeletal warrior hits you with a flail.
* * * LOW HITPOINT WARNING * * *
The skeletal warrior hits you with a flail!
* * * LOW HITPOINT WARNING * * *
You fail to use your ability.
The skeletal warrior barely misses you.
The skeletal warrior hits you with a flail!
You die...

.........P.#.......
......P............
........P....#######+#
.............#.......#
P.PP....##...+.......#
.......###...#.......#
.P...........#.###.###
.......###..##..##.#
<......#........@..#
.......#....#####z.#
.......#...## ##.#
#...# #)# #...# #..#
#.#.# #.(# #.#.# #((#
..#.# #... #....


You could see a skeletal warrior.

Vanquished Creatures
  An orc warlord (Orc:1)
  An orc high priest (Orc:1)
  The ghost of Dustman the Spear-Bearer, a novice HuGl of Ru (D:9)
  2 skeletal warriors (D:11)
  An orc sorcerer (Orc:1)
  A cyclops (D:10)
  3 trolls
  2 hippogriffs
  A vampire (D:10)
  2 hill giant zombies (D:10)
  9 yaks
  3 hungry ghosts
  The ghost of TotoDurand the Changer, an amateur DrTm (D:5)
  A mottled dragon (D:11)
  4 wargs (Orc:1)
  10 orc warriors
  2 sky beasts
  4 ice beasts
  6 ogres
  2 phantoms
  5 centaurs
  3 big kobolds
  4 bullfrogs
  2 scorpions
  2 troll zombies (D:10)
  20 wights
  12 killer bees
  3 howler monkeys (D:8)
  5 crimson imps
  A quasit (D:6)
  A bullfrog zombie (D:9)
  A centaur skeleton (D:6)
  7 orc priests
  A gnoll shaman (D:4)
  7 hounds
  2 bullfrog skeletons (D:9)
  2 iguanas
  15 orc wizards
  9 worker ants
  4 ogre zombies (D:10)
  2 hound zombies
  A hound skeleton (D:6)
  14 gnolls
  14 adders
  2 river rats (D:11)
  2 shadow imps
  2 oozes
  An adder skeleton (D:8)
  An adder zombie (D:5)
  5 worms
  5 dart slugs
  3 leopard geckos
  50 orcs
  5 giant cockroaches
  9 goblins
  8 hobgoblins
  6 jackals (D:2)
  2 quokkas (D:5)
  4 ball pythons
  9 bats
  4 frilled lizards
  A goblin skeleton (D:10)
  2 goblin zombies (D:10)
  3 hobgoblin skeletons (D:10)
  A hobgoblin zombie (D:10)
  A jackal skeleton (D:6)
  A jackal zombie (D:5)
  15 kobolds
  An orc skeleton (D:10)
  17 orc zombies (D:10)
  2 quokka skeletons (D:6)
  A quokka zombie (D:5)
  6 rats
  44 fungi (D:11)
  41 plants (D:11)
448 creatures vanquished.

Vanquished Creatures (collateral kills)
  A spriggan (D:7)
  A wight (D:7)
  2 worker ants (D:7)
4 creatures vanquished.

Grand Total: 452 creatures vanquished

Notes
Turn   | Place    | Note
-------+----------+-------------------------------------------
     0 | D:1      | nikopol the Hill Orc Berserker began the quest for the Orb.
     0 | D:1      | Reached XP level 1. HP: 19/19 MP: 1/1
   261 | D:1      | Reached XP level 2. HP: 26/26 MP: 2/2
   739 | D:1      | Reached XP level 3. HP: 33/33 MP: 3/3
  1317 | D:2      | Reached XP level 4. HP: 37/40 MP: 4/4
  1635 | D:2      | Found a radiant altar of Vehumet.
  1638 | D:2      | Found an iron altar of Okawaru.
  1641 | D:2      | Found a stormy altar of Qazlal.
  1762 | D:2      | Reached ** piety under Trog
  1852 | D:2      | Reached skill level 5 in Axes
  2243 | D:3      | Reached XP level 5. HP: 47/47 MP: 5/5
  2708 | D:3      | Found a bloodstained altar of Trog.
  2708 | D:3      | Found a hide-covered altar of Uskayaw.
  2714 | D:3      | Found a basalt altar of Yredelemnul.
  2717 | D:3      | Found a shattered altar of Ashenzari.
  2718 | D:3      | Found a faded altar of an unknown god.
  3010 | D:4      | Reached skill level 5 in Fighting
  3010 | D:4      | Reached XP level 6. HP: 53/56 MP: 6/6
  3156 | D:4      | Reached skill level 6 in Axes
  3496 | D:4      | Found Cyteitucad's Jewellery Shop.
  3631 | D:4      | Reached XP level 7. HP: 34/62 MP: 7/7
  3914 | D:4      | Reached *** piety under Trog
  4113 | D:5      | Entered Level 5 of the Dungeon
  4265 | D:5      | Reached skill level 7 in Axes
  4302 | D:5      | Noticed TotoDurand's ghost (amateur DrTm)
  4320 | D:5      | Killed TotoDurand's ghost
  4320 | D:5      | Reached skill level 5 in Armour
  4320 | D:5      | Reached XP level 8. HP: 71/71 MP: 8/8
  4847 | D:5      | Reached skill level 8 in Axes
  5190 | D:6      | Reached skill level 1 in Bows
  5221 | D:6      | Reached **** piety under Trog
  5373 | D:6      | Found a staircase to the Ecumenical Temple.
  5614 | D:6      | Reached XP level 9. HP: 79/79 MP: 9/9
  6026 | D:6      | Found a sparkling altar of Nemelex Xobeh.
  6027 | D:6      | Noticed a purple ugly thing
  6027 | D:6      | Noticed a hill giant
  6230 | D:7      | Found Rymmiak's General Store.
  6480 | D:7      | Reached skill level 9 in Axes
  6589 | D:7      | Reached skill level 5 in Dodging
  7147 | D:7      | Reached ***** piety under Trog
  7354 | D:7      | Found Utigh's Jewellery Shoppe.
  7756 | D:7      | Reached skill level 10 in Axes
  7846 | D:7      | Reached XP level 10. HP: 75/88 MP: 10/10
  8888 | D:8      | Received a gift from Trog
  9180 | D:9      | Reached skill level 5 in Bows
  9182 | D:9      | Noticed Dustman's ghost (novice HuGl)
  9252 | D:9      | Killed Dustman's ghost
  9566 | D:9      | Reached skill level 11 in Axes
  9902 | D:9      | Received a gift from Trog
 10441 | D:9      | Found a shimmering altar of Xom.
 10442 | D:9      | Found a hazy altar of Hepliaklqana.
 10443 | D:9      | Noticed a spectral ugly thing
 10533 | D:10     | Entered Level 10 of the Dungeon
 10751 | D:10     | Found a staircase to the Orcish Mines.
 10825 | D:9      | Reached XP level 11. HP: 95/97 MP: 11/11
 11526 | D:10     | Found a blossoming altar of Fedhas.
 11698 | D:10     | Received a gift from Trog
 11718 | D:10     | Noticed a cyclops
 11733 | D:10     | Killed a cyclops
 11733 | D:10     | Reached skill level 12 in Axes
 11995 | Orc:1    | Entered Level 1 of the Orcish Mines
 11995 | Orc:1    | Noticed an orc sorcerer
 12005 | Orc:1    | Killed an orc sorcerer
 12301 | Orc:1    | Noticed an orc warlord
 12322 | Orc:1    | Killed an orc warlord
 12322 | Orc:1    | Reached skill level 10 in Fighting
 12762 | Orc:1    | Found a burning altar of Makhleb.
 13101 | Orc:1    | Noticed an orc high priest
 13124 | Orc:1    | Killed an orc high priest
 13124 | Orc:1    | Reached XP level 12. HP: 74/106 MP: 12/12
 13721 | D:4      | Bought the ring "Ganeutt" {rElec rPois MR+ MP+9 SInv} for 613 gold pieces
 14171 | D:11     | Found a staircase to the Lair.
 14439 | D:11     | Received a gift from Trog
 14618 | D:11     | Reached skill level 13 in Axes
 14641 | D:11     | Slain by a skeletal warrior

Skill      XL: |  1  2  3  4  5  6  7  8  9 10 11 12 |
---------------+-------------------------------------+-----
Dodging        | 2 3 4 5 6 |  6.7
Fighting       | 4 5 6 7 8 9 10 | 10.5
Armour         | 3 4 5 6 7 8 9 |  9.4
Axes           | 5 6 7 8 10 11 12 13 | 13.1
Bows           | 1 4 6 8 |  8.5

Action                   |  1- 3 |  4- 6 |  7- 9 | 10-12 || total
-------------------------+-------+-------+-------+-------++-------
Melee: Hand axe          |    86 |   251 |   237 |       ||   574
       War axe           |       |       |   220 |   675 ||   895
 Fire: Shortbow          |       |       |    91 |   251 ||   342
Invok: Berserk           |       |     4 |     4 |     5 ||    13
       Burn Spellbooks   |       |     1 |       |       ||     1
       Brothers in Arms  |       |       |     1 |       ||     1
  Eat: Chunk             |     1 |    11 |    19 |    21 ||    52
       Beef jerky        |       |       |     1 |     2 ||     3
       Bread ration      |       |       |       |     2 ||     2
       Fruit             |       |       |       |     1 ||     1
Armor: Animal skin       |    14 |       |       |       ||    14
       Scale mail        |    16 |   110 |   247 |   231 ||   604
Dodge: Dodged            |    65 |   175 |   286 |   343 ||   869
